 Dungeon Crawl Stone Soup version 0.02-195-g79a12fe00a (webtiles) character file.

Game seed: 7675413623208422582, levelgen mode: deterministic

101 Cadaver the Ducker (level 5, -1/44 HPs) Demigod. Began on Nov 8, 2020. Engulfed by a cloud of steam (11 damage) ... on level 2 of the Dungeon. The game lasted 00:07:17 (511 turns).

Cadaver the Ducker (Human Demigod)                   Turns: 511, Time: 00:07:18

Health: -1/44      AC:  3    Str: 15    XL:     5 ^: 124
Magic:  7/9        EV: 13    Int: 17    God:
Gold:   17         SH:  0    Dex: 15    Spells: 3/9 levels left

rFire    . . .     Vision   .   a - +0 flail
rCold    . . .     Gourm    .   (no weapon)
rNeg     . . .     Faith    .   b - +0 leather armour
rPois    .         Spirit   .   (no helmet)
rElec    .         Reflect  .   (no cloak)
rCorr    .         Harm     .   (no gloves)
MR       .....                  (no boots)
Stlth    +.........             (no amulet)
HPRegen  0.24/turn              (no ring)
MPRegen  0.19/turn              (no ring)

@: very slow
A: high mp 1
a: no special abilities


You were on level 2 of the Dungeon.
You were not hungry.

You visited 1 branch of the dungeon, and saw 2 of its levels.

You collected 17 gold pieces.

Inventory:

Weapons
 a - a +0 flail (weapon)
Armour
 b - a +0 leather armour (worn)
Scrolls
 e - a scroll of amnesia
 g - a scroll of enchantment
Comestibles
 d - 2 rations
 f - a chunk of flesh


   Skills:
 + Level 2.8 Fighting
 + Level 2.5 Whips & Flails
 + Level 0.1 Armour
 + Level 3.4 Dodging
 - Level 2.1 Stealth
 + Level 2.6 Spellcasting
 * Level 0.7 Fire Magic


You had 3 spell levels left.
You knew the following spells:

 Your Spells              Type           Power        Failure   Level  Hunger
a - Flame Tongue          Fire           4 (40)       14%         1    #......
b - Blink                 Tloc           N/A          30%         2    ##.....
c - Conjure Flame         Fire           4 (100)      41%         3    ###....

Your spell library contained the following spells:

 Spells                   Type           Power        Failure   Level  Hunger
 Call Imp                 Summ           2 (100)      30%         2    ##.....
 Slow                     Hex            2 (100)      30%         2    ##.....
 Mephitic Cloud           Pois/Air       2 (100)      52%         3    ###....


Dungeon Overview and Level Annotations

Branches:
Dungeon (2/8)


Innate Abilities, Weirdness & Mutations

You have an increased reservoir of magic. (+10% MP)


Message History

* * * LOW HITPOINT WARNING * * *
The sewer rat closely misses you (0).
You feel better. The sewer rat misses you (0).
The sewer rat closely misses you (0).
Cast which spell? (? or * to list)
You don't know that spell.
Cast which spell? (? or * to list)
Aiming: Flame Tongue (safe; 14% risk of failure)
Press: ? - help, Shift-Dir - straight line, f - sewer rat
Aim: a sewer rat (heavily wounded (6/12))
The flame tongue hits the sewer rat (6).
You kill the sewer rat!
You have reached level 5!
The sewer rat bites you (9)!
* * * LOW HITPOINT WARNING * * *
Really walk into that cloud of steam?
You enter the shallow water.
Moving in this stuff is going to be slow.
You are engulfed in a cloud of scalding steam.
You die...

≈≈;≈≈≈;.≈≈≈≈≈≈≈≈.
≈≈≈≈≈≈≈.P≈≈≈≈≈≈≈≈
#####≈...≈≈≈###
####PP≈≈#.# ##≈≈..≈##
##≈.r÷.# ##.#≈r##
#≈#≈r.## #≈##rr@###
#.#...#..###
#≈#≈.≈#..≈†####
#≈######.##.≈.###
#≈##..≈#####≈..≈#
##.##≈..###<##..≈#
#≈w##≈..≈≈...#≈..#
#≈≈≈≈#≈≈#≈#...##≈..#
.≈≈≈≈≈≈.########.##.≈^#


You could see 5 sewer rats.

Vanquished Creatures
  A jelly (D:2)
  2 giant cockroaches
  3 sewer rats (D:2)
  A cinder newt (D:2)
  2 oozes
  A leopard gecko (D:1)
  A bat (D:2)
  A cinder newt skeleton (D:2)
  2 kobolds (D:1)
  A rat (D:1)
15 creatures vanquished.

Vanquished Creatures (others)
  A jelly (D:2)
  2 adders (D:2)
  8 sewer rats (D:2)
  A worm (D:2)
  An adder skeleton (D:2)
  A ball python (D:2)
  2 bats (D:2)
  A hobgoblin skeleton (D:2)
  A rat skeleton (D:2)
  A slimehead (D:2)
  84 withered plants (D:2)
103 creatures vanquished.

Grand Total: 118 creatures vanquished

Notes
Turn   | Place    | Note
-------+----------+-------------------------------------------
     0 | D:1      | Cadaver the Human Demigod began the quest for the Orb.
     0 | D:1      | Reached XP level 1. HP: 17/17 MP: 3/3
    37 | D:1      | Reached XP level 2. HP: 21/25 MP: 1/5
   108 | D:1      | Reached XP level 3. HP: 30/30 MP: 3/6
   276 | D:2      | Reached XP level 4. HP: 37/37 MP: 5/8
   296 | D:2      | Learned a level 2 spell: Blink
   300 | D:2      | Learned a level 3 spell: Conjure Flame
   454 | D:2      | Noticed a crocodile
   510 | D:2      | Reached XP level 5. HP: 18/44 MP: 7/9
   511 | D:2      | Engulfed by a cloud of steam

Levels and vault maps discovered:
D:1:      ldierk_walled_garden, layout_rooms, first_ration
D:2:      layout_sewer, sewer_frog_pond, uniq_robin, uniq_menkaure,
          uniq_blork_the_orc

Action                   |  1- 3 |  4- 6 || total
-------------------------+-------+-------++-------
Melee: Flail             |     6 |    13 ||    19
       Unarmed           |     1 |    11 ||    12
 Cast: Flame Tongue      |     9 |     9 ||    18
  Use: Potion            |       |     1 ||     1
Armor: Leather armour    |     3 |     8 ||    11
Dodge: Dodged            |     2 |    20 ||    22
